 Dungeon Crawl Stone Soup version 0.30.1-11-g7821555f0a (webtiles) character file.

Game seed: 1605692377011138415

549 lonewolfV2 the Trooper (level 7, 0/59 HPs)
             Began as a Formicid Fighter on Nov 28, 2023.
             Slain by a gnoll
             ... wielding a +0 halberd
             ... led by a gnoll bouda
              (8 damage)
             ... on level 4 of the Dungeon.
             The game lasted 00:06:12 (2294 turns).

lonewolfV2 the Trooper (Formicid Fighter)           Turns: 2294, Time: 00:06:13

Health: 0/59       AC: 14    Str: 21    XL:     7   Next: 54%
Magic:  7/7        EV:  5    Int:  7    God:
Gold:   128        SH:  5    Dex: 15    Spells: 6/6 levels left

rFire   . . .        a - +0 war axe
rCold   . . .        c - +0 buckler
rNeg    . . .        i - +0 plate armour
rPois   .            (helmet unavailable)
rElec   .            j - +0 cloak
rCorr   .            g - +0 pair of gloves
SInv    +            m - +0 pair of boots
Will    .....        (no amulet) Stlth
                     (no ring)
HPRegen 0.29/turn    (no ring)
MPRegen 0.10/turn

%: no passive effects
@: mighty
A: permanent stasis, dig shafts and tunnels, antennae 3, four strong arms
a: Dig, Shaft Self


You were on level 4 of the Dungeon.
You visited 1 branch of the dungeon, and saw 4 of its levels.

You collected 128 gold pieces.

Inventory:

Hand Weapons
 a - a +0 war axe (weapon)
Armour
 c - a +0 buckler (worn)
 g - a +0 pair of gloves (worn)
 i - a +0 plate armour (worn)
 j - a +0 cloak (worn)
 m - a +0 pair of boots (worn)
Scrolls
 l - 2 scrolls of fog
Potions
 d - a potion of might
 e - a potion of flight
 f - a potion of haste {unknown}
 h - a potion of brilliance
 k - a potion of degeneration
 n - a potion of berserk rage
 p - a potion of magic {unknown}


   Skills:
 + Level 6.7 Fighting
 + Level 5.6 Axes
 - Level 3.2 Armour
 - Level 4.0 Shields


You had 6 spell levels left.
You didn't know any spells.
Your spell library contained the following spells:

 Spells                   Type           Power      Damage    Failure   Level
 Beastly Appendage        Tmut           0%         N/A       100%        1
 Magic Dart               Conj           0%         1d3       100%        1
 Searing Ray              Conj           0%         2d4       100%        2
 Wereblood                Tmut           0%         N/A       100%        2
 Call Canine Familiar     Summ           0%         N/A       100%        3
 Portal Projectile        Hex/Tloc       0%         N/A       100%        3
 Spider Form              Tmut/Pois      0%         N/A       100%        3
 Fulminant Prism          Conj/Hex       0%         3d5       100%        4
 Leda's Liquefaction      Hex/Erth       0%         N/A       100%        4
 Fireball                 Conj/Fire      0%         3d3       100%        5
 Iskenderun's Battlesphe  Conj           0%         2d6       100%        5
 Conjure Ball Lightning   Conj/Air       0%         3x3d6     100%        6
 Orb of Destruction       Conj           0%         9d5       100%        7


Dungeon Overview and Level Annotations

Branches:
Dungeon (4/15)
 Temple: D:4-7

Altars:


Innate Abilities, Weirdness & Mutations

You cannot be hasted, slowed, berserked, paralysed or teleported.
You can dig through walls and to a lower floor.
You have a pair of large antennae on your head. (SInv)
Your four strong arms can wield two-handed weapons with a shield.


Message History

The worm is almost dead.
You closely miss the gnoll. You closely miss the gnoll bouda.
The gnoll bouda barks out a call to the hunt!
The gnoll picks up the pace!
You block the gnoll's attack. The gnoll hits you but does no damage.
You slice the gnoll bouda!!
You kill the gnoll bouda!
You hit the worm.
You kill the worm!
You barely miss the gnoll. You block the gnoll's attack.
The gnoll hits you but does no damage.
You slash the gnoll!
You kill the gnoll!
The gnoll hits you from afar with a +0 halberd.
* * * LOW HITPOINT WARNING * * *
The gnoll closely misses you.
You see here a worm corpse.
You hit the gnoll.
The gnoll is moderately wounded.
The gnoll is no longer moving quickly.
The gnoll closely misses you.
You barely miss the gnoll.
The gnoll is moderately wounded.
The gnoll hits you but does no damage. You block the gnoll's attack.
You closely miss the gnoll.
The gnoll is moderately wounded.
The gnoll barely misses you.
You completely miss the gnoll.
The gnoll is moderately wounded.
The gnoll barely misses you.
You slash the gnoll!
The gnoll is severely wounded.
The gnoll barely misses you.
You hit the gnoll.
The gnoll is almost dead.
You block the gnoll's attack. The gnoll hits you with a +0 halberd.
* * * LOW HITPOINT WARNING * * *
You closely miss the gnoll.
The gnoll is almost dead.
The gnoll hits you with a +0 halberd!
You die...

.#.......#######.......#
.####.....#....#.......+
....#.....#....#.......#
....#.....#............#
....#.....'.............
....#.....#.....∩.......
....#.....#.............
....#.....#....)†)......
....#.....#....#@)......
#####...5.######g.......
.(.>.... ..##+####
......... ...+ ....#
.....# ......# .......#


You could see a gnoll.

Vanquished Creatures
  Sigmund (D:2)
  2 scorpions (D:4)
  A gnoll bouda (D:4)
  Terence (D:3)
  Natasha (thrice) (D:3)
  Robin (D:2)
  4 gnolls (D:4)
  An adder (D:3)
  A white imp (D:4)
  An ufetubus (D:4)
  3 worms
  3 dart slugs
  3 ball pythons
  3 bats
  An endoplasm (D:4)
  A giant cockroach (D:1)
  11 goblins
  9 hobgoblins
  5 kobolds
  2 quokkas
  4 frilled lizards
  2 rats (D:1)
63 creatures vanquished.

Notes
Turn   | Place    | Note
-------+----------+-------------------------------------------
     0 | D:1      | lonewolfV2 the Formicid Fighter began the quest for the
                  | Orb.
     0 | D:1      | Reached XP level 1. HP: 18/18 MP: 1/1
   188 | D:1      | Reached XP level 2. HP: 24/24 MP: 2/2
   917 | D:2      | Reached XP level 3. HP: 25/30 MP: 3/3
   985 | D:2      | Reached skill level 4 in Fighting
  1120 | D:2      | Noticed Robin
  1137 | D:2      | Killed Robin
  1138 | D:2      | Reached XP level 4. HP: 23/37 MP: 4/4
  1307 | D:2      | Noticed Sigmund
  1324 | D:2      | Killed Sigmund
  1325 | D:2      | Reached skill level 5 in Fighting
  1325 | D:2      | Reached XP level 5. HP: 23/44 MP: 5/5
  1325 | D:2      | Reached XP level 6. HP: 27/51 MP: 6/6
  1611 | D:3      | Noticed Natasha
  1621 | D:3      | Killed Natasha
  1935 | D:3      | Noticed Terence
  1941 | D:3      | Killed Terence
  1943 | D:3      | Noticed Natasha
  1951 | D:3      | Killed Natasha
  2025 | D:3      | Noticed Natasha
  2032 | D:3      | Killed Natasha
  2033 | D:3      | Reached skill level 6 in Fighting
  2100 | D:4      | Reached skill level 5 in Axes
  2100 | D:4      | Reached XP level 7. HP: 47/58 MP: 7/7
  2294 | D:4      | Slain by a gnoll

Illustrated notes

Levels and vault maps discovered:
D:1:      tarquinn_simple_flora_water_e, layout_basic
D:2:      layout_rooms, guppyfry_early_lair_pool, uniq_robin, uniq_sigmund
D:3:      layout_rooms, uniq_terence, uniq_natasha
D:4:      layout_gridville, serial_demonic, serial_demonic_d, serial_demonic_d,
          serial_demonic_g, serial_demonic_g, serial_demonic_b,
          serial_demonic_c, serial_demonic_g, minmay_misc_feat_cross,
          kennysheep_generic_room_7, uniq_ijyb

Skill      XL: |  1  2  3  4  5  6 |
---------------+-------------------+-----
Fighting       | 4 5 6 |  6.7
Axes           | 3 4 5 |  5.6
Armour         | |  3.2
Shields        | |  4.0

Action                     |  1- 3 |  4- 6 |  7- 9 || total
---------------------------+-------+-------+-------++-------
  Melee: War axe           |    52 |    51 |    34 ||   137
    Use: Scroll            |     3 |     7 |       ||    10
         Potion            |     3 |     1 |     3 ||     7
 Armour: Scale mail        |     8 |       |       ||     8
         Plate armour      |    49 |    41 |    39 ||   129
  Dodge: Dodged            |    22 |     8 |    18 ||    48
  Block: Buckler           |    22 |    11 |    13 ||    46
